NCAA
VIRGINIA TECH HOKIES @ ARIZONA WILDCATS
04/28/2027
 
TOP OF THE 1ST
Virginia Tech Hokies batting - Pitching for Arizona Wildcats : RHP Jim Smith
Pitching: RHP Jim Smith
Batting: RHB Francisco Medina 0-0: Ball
1-0: Ball
2-0: Ground out 6-3 (Groundball, 56)
Batting: RHB Clay Smith 0-0: Ball
1-0: Ball
2-0: Ball
3-0: Called Strike
3-1: Called Strike
3-2: Foul Ball, location: 2F
3-2: Strikes out swinging
Batting: LHB Juan Carlos Manuel 0-0: Called Strike
0-1: Swinging Strike
0-2: Ball
1-2: Fly out, F9 (Flyball, 89S)
Top of the 1st over - 0 run(s), 0 hit(s), 0 error(s), 0 left on base; Virginia Tech 0 - Arizona 0
BOTTOM OF THE 1ST
Arizona Wildcats batting - Pitching for Virginia Tech Hokies : RHP Héctor Valentín
Pitching: RHP Héctor Valentín
Batting: RHB Jon Hartley 0-0: Ball
1-0: Ball
2-0: Ball
3-0: Foul Ball, location: 2F
3-1: Called Strike
3-2: Base on Balls
Batting: RHB Donald Fenner 0-0: Called Strike
0-1: Called Strike
Jon Hartley is caught stealing 2nd base
0-2: Ball
1-2: Strikes out swinging
Batting: LHB Larry Battle 0-0: Ball
1-0: Ball
2-0: Called Strike
2-1: Ground out U3 (Groundball, 34)
Bottom of the 1st over - 0 run(s), 0 hit(s), 0 error(s), 0 left on base; Virginia Tech 0 - Arizona 0
TOP OF THE 2ND
Virginia Tech Hokies batting - Pitching for Arizona Wildcats : RHP Jim Smith
Batting: RHB Matt Jenkins 0-0: SINGLE (Groundball, 34D)
Batting: RHB Eric Clay 0-0: Called Strike
0-1: SINGLE (Groundball, 4D)
Matt Jenkins to second
Runner from 2nd tries for 3rd, SAFE, throw made to third
Batting: RHB Rob Fleming 0-0: 3-RUN HOME RUN (Flyball, 7D), Distance : 368 ft
Batting: RHB César Rodríguez 0-0: Called Strike
0-1: Foul Ball, location: 2F
0-2: Foul Ball, location: 2F
0-2: Ground out 5-3 (Groundball, 56)
Batting: RHB Nathan Taylor 0-0: Called Strike
0-1: Fly out, F8 (Flyball, 8RD)
Batting: RHB Dusty Green 0-0: Called Strike
0-1: Foul Ball, location: 2F
0-2: Strikes out looking
Top of the 2nd over - 3 run(s), 3 hit(s), 0 error(s), 0 left on base; Virginia Tech 3 - Arizona 0
BOTTOM OF THE 2ND
Arizona Wildcats batting - Pitching for Virginia Tech Hokies : RHP Héctor Valentín
Batting: RHB Jake Lawrence 0-0: Ball
1-0: Called Strike
1-1: Foul Ball, location: 2F
1-2: Ball
2-2: Ball
3-2: Ground out 6-3 (Groundball, 6)
Batting: RHB Arnold Flint 0-0: Fly out, F8 (Flyball, 89M)
Batting: RHB Juan Navarro 0-0: Ball
1-0: Called Strike
1-1: SINGLE (Groundball, 56D)
Batting: RHB Lúcio Pagán 0-0: Foul Ball, location: 2F
0-1: Ground out 1-3 (Groundball, 15S)
Bottom of the 2nd over - 0 run(s), 1 hit(s), 0 error(s), 1 left on base; Virginia Tech 3 - Arizona 0
TOP OF THE 3RD
Virginia Tech Hokies batting - Pitching for Arizona Wildcats : RHP Jim Smith
Batting: RHB Francisco Medina 0-0: Ball
1-0: Foul Ball, location: 2F
1-1: Swinging Strike
1-2: Ground out 1-3 (Groundball, 13)
Batting: RHB Clay Smith 0-0: Foul Ball, location: 2F
0-1: Foul Ball, location: 2F
0-2: Strikes out looking
Batting: LHB Juan Carlos Manuel 0-0: Ball
1-0: Foul Ball, location: 2F
1-1: Ball
2-1: Reached on error, E9 (Flyball, 9)
Batting: RHB Matt Jenkins 0-0: Called Strike
0-1: Ball
1-1: Foul Ball, location: 2F
1-2: Foul Ball, location: 2F
1-2: Ball
2-2: Ball
3-2: Base on Balls
Batting: RHB Eric Clay 0-0: Ball
1-0: Foul Ball, location: 2F
1-1: Foul Ball, location: 2F
1-2: Foul Ball, location: 2F
1-2: Fly out, F9 (Flyball, 9S)
Top of the 3rd over - 0 run(s), 0 hit(s), 1 error(s), 2 left on base; Virginia Tech 3 - Arizona 0
BOTTOM OF THE 3RD
Arizona Wildcats batting - Pitching for Virginia Tech Hokies : RHP Héctor Valentín
Batting: RHB Dean Oglethorpe 0-0: Called Strike
0-1: DOUBLE (Line Drive, 78XD)
Batting: RHB Maurice Long 0-0: Ball
1-0: Foul Ball, location: 2F
1-1: Foul Ball, location: 2F
1-2: Foul Ball, location: 2F
1-2: Ground out 6-3 (Groundball, 56)
Batting: RHB Jon Hartley 0-0: Foul Ball, location: 2F
0-1: Called Strike
0-2: Ground out 5-3 (Groundball, 56S)
Dean Oglethorpe to third
Batting: RHB Donald Fenner 0-0: Foul Ball, location: 2F
0-1: Ground out 6-3 (Groundball, 6)
Bottom of the 3rd over - 0 run(s), 1 hit(s), 0 error(s), 1 left on base; Virginia Tech 3 - Arizona 0
TOP OF THE 4TH
Virginia Tech Hokies batting - Pitching for Arizona Wildcats : RHP Jim Smith
Batting: RHB Rob Fleming 0-0: Ball
1-0: Ball
2-0: Swinging Strike
2-1: Foul Ball, location: 2F
2-2: Ball
3-2: Base on Balls
Batting: RHB César Rodríguez 0-0: Called Strike
0-1: Ball
1-1: Ball
2-1: Ball
3-1: Base on Balls
Rob Fleming to second
Batting: RHB Nathan Taylor 0-0: Ball
1-0: Called Strike
1-1: Called Strike
1-2: Strikes out swinging
Batting: RHB Dusty Green 0-0: Grounds into double play, 5-4-3 (Groundball, 5)
Top of the 4th over - 0 run(s), 0 hit(s), 0 error(s), 1 left on base; Virginia Tech 3 - Arizona 0
BOTTOM OF THE 4TH
Arizona Wildcats batting - Pitching for Virginia Tech Hokies : RHP Héctor Valentín
Batting: LHB Larry Battle 0-0: DOUBLE (Line Drive, 7LM)
Batting: RHB Jake Lawrence 0-0: Ball
1-0: Foul Ball, location: 2F
1-1: Ball
2-1: Foul Ball, location: 2F
2-2: Foul Ball, location: 2F
2-2: Foul Ball, location: 2F
2-2: Foul Ball, location: 2F
2-2: 2-RUN HOME RUN (Flyball, 7D), Distance : 345 ft
Batting: RHB Arnold Flint 0-0: Called Strike
0-1: Foul Ball, location: 2F
0-2: Strikes out swinging
Batting: RHB Juan Navarro 0-0: Ball
1-0: Ball
2-0: Ball
3-0: Base on Balls
Batting: RHB Lúcio Pagán 0-0: Called Strike
0-1: SINGLE (Groundball, 4MD)
Juan Navarro to second
Batting: RHB Dean Oglethorpe 0-0: Ball
1-0: Ball
2-0: Called Strike
2-1: Fly out, F7 (Flyball, 7S)
Batting: RHB Maurice Long 0-0: Called Strike
0-1: Foul Ball, location: 2F
0-2: Ball
1-2: Reached on error, E5 (Groundball, 56D)
Juan Navarro to third
Lúcio Pagán to second
Batting: RHB Jon Hartley 0-0: Ball
1-0: Ball
2-0: Called Strike
2-1: SINGLE (Groundball, 6MD)
Juan Navarro scores
Lúcio Pagán to third
Maurice Long to second
Runner from 3rd tries for Home, SAFE, no throw
Batting: RHB Donald Fenner 0-0: Ground out 5-3 (Groundball, 56S)
Bottom of the 4th over - 4 run(s), 4 hit(s), 1 error(s), 2 left on base; Virginia Tech 3 - Arizona 4
TOP OF THE 5TH
Virginia Tech Hokies batting - Pitching for Arizona Wildcats : RHP Jim Smith
Batting: RHB Francisco Medina 0-0: Fly out, F8 (Flyball, 89M)
Batting: RHB Clay Smith 0-0: Ball
1-0: Ball
2-0: Called Strike
2-1: SINGLE (Groundball, 6MD)
Batting: LHB Juan Carlos Manuel 0-0: Ball
1-0: Foul Ball, location: 2F
1-1: Ball
2-1: Grounds into double play, 6-4-3 (Groundball, 6)
Top of the 5th over - 0 run(s), 1 hit(s), 0 error(s), 0 left on base; Virginia Tech 3 - Arizona 4
BOTTOM OF THE 5TH
Arizona Wildcats batting - Pitching for Virginia Tech Hokies : RHP Héctor Valentín
Batting: LHB Larry Battle 0-0: Ball
1-0: Swinging Strike
1-1: Foul Ball, location: 2F
1-2: Ball
2-2: Foul Ball, location: 2F
2-2: Foul Ball, location: 2F
2-2: Strikes out swinging
Batting: RHB Jake Lawrence 0-0: Ground out 5-3 (Groundball, 5)
Batting: RHB Arnold Flint 0-0: Ball
1-0: Called Strike
1-1: Called Strike
1-2: Ball
2-2: Fly out, F7 (Flyball, 78M)
Bottom of the 5th over - 0 run(s), 0 hit(s), 0 error(s), 0 left on base; Virginia Tech 3 - Arizona 4
TOP OF THE 6TH
Virginia Tech Hokies batting - Pitching for Arizona Wildcats : RHP Jim Smith
Batting: RHB Matt Jenkins 0-0: Ball
1-0: Swinging Strike
1-1: Called Strike
1-2: Ball
2-2: Fly out, F7 (Line Drive, 7)
Pitching: RHP Wilson Flores
Batting: RHB Eric Clay 0-0: Swinging Strike
0-1: Ball
1-1: Ball
2-1: Ground out 4-3 (Groundball, 4)
Batting: RHB Rob Fleming 0-0: Ball
1-0: Ball
2-0: Ball
3-0: Called Strike
3-1: Foul Ball, location: 2F
3-2: Base on Balls
Batting: RHB César Rodríguez 0-0: Ball
1-0: Called Strike
1-1: Ball
2-1: Foul Ball, location: 2F
2-2: Foul Ball, location: 2F
2-2: Strikes out swinging
Top of the 6th over - 0 run(s), 0 hit(s), 0 error(s), 1 left on base; Virginia Tech 3 - Arizona 4
BOTTOM OF THE 6TH
Arizona Wildcats batting - Pitching for Virginia Tech Hokies : RHP Héctor Valentín
Pitching: RHP Russ Underwood
Batting: RHB Juan Navarro 0-0: SINGLE (Groundball, 4MD)
Batting: RHB Lúcio Pagán 0-0: Ball
1-0: Called Strike
1-1: Fly out, F8 (Flyball, 8RS)
Batting: RHB Dean Oglethorpe 0-0: Called Strike
0-1: Ball
Juan Navarro is caught stealing 2nd base
1-1: Called Strike
1-2: Fly out, F9 (Flyball, 9LMF)
Bottom of the 6th over - 0 run(s), 1 hit(s), 0 error(s), 0 left on base; Virginia Tech 3 - Arizona 4
TOP OF THE 7TH
Virginia Tech Hokies batting - Pitching for Arizona Wildcats : RHP Wilson Flores
Batting: RHB Nathan Taylor 0-0: Ground out 1-3 (Groundball, P)
Batting: RHB Dusty Green 0-0: Ball
1-0: Fly out, F2 (Popup, 34S)
Batting: RHB Francisco Medina 0-0: Ball
1-0: Ball
2-0: Ball
3-0: Base on Balls
Batting: RHB Clay Smith 0-0: Ball
Francisco Medina steals 2nd base
1-0: Fly out, F7 (Line Drive, 7)
Top of the 7th over - 0 run(s), 0 hit(s), 0 error(s), 1 left on base; Virginia Tech 3 - Arizona 4
BOTTOM OF THE 7TH
Arizona Wildcats batting - Pitching for Virginia Tech Hokies : RHP Russ Underwood
Batting: RHB Maurice Long 0-0: Foul Ball, location: 2F
0-1: Swinging Strike
0-2: Ball
1-2: Ball
2-2: SINGLE (Groundball, 6MD)
Batting: RHB Jon Hartley 0-0: Ball
1-0: Grounds into double play, 6-4-3 (Groundball, 6)
Batting: RHB Donald Fenner 0-0: Ball
1-0: Foul Ball, location: 2F
1-1: Ball
2-1: Fly out, F9 (Flyball, 89M)
Bottom of the 7th over - 0 run(s), 1 hit(s), 0 error(s), 0 left on base; Virginia Tech 3 - Arizona 4
TOP OF THE 8TH
Virginia Tech Hokies batting - Pitching for Arizona Wildcats : RHP Wilson Flores
Pitching: LHP Shawn Evans
Batting: LHB Juan Carlos Manuel 0-0: Swinging Strike
0-1: Ball
1-1: Ball
2-1: Foul Ball, location: 2F
2-2: Strikes out swinging
Pitching: RHP Matt Cleveland
Batting: RHB Matt Jenkins 0-0: Called Strike
0-1: Ball
1-1: DOUBLE (Groundball, 5L)
Batting: RHB Eric Clay 0-0: Foul Ball, location: 2F
0-1: Foul Ball, location: 2F
0-2: Foul Ball, location: 2F
0-2: Fly out, F6 (Line Drive, 6)
Batting: RHB Rob Fleming 0-0: Ball
1-0: Ball
2-0: Ball
3-0: Base on Balls
Batting: RHB César Rodríguez 0-0: Called Strike
0-1: 3-RUN HOME RUN (Flyball, 8RD), Distance : 383 ft
Pitching: RHP Ray Campbell
Batting: RHB Nathan Taylor 0-0: Foul Ball, location: 2F
0-1: SINGLE (Line Drive, 8LS)
Batting: RHB Dusty Green 0-0: Called Strike
0-1: Foul Ball, location: 2F
0-2: Foul Ball, location: 2F
0-2: Strikes out swinging
Top of the 8th over - 3 run(s), 3 hit(s), 0 error(s), 1 left on base; Virginia Tech 6 - Arizona 4
BOTTOM OF THE 8TH
Arizona Wildcats batting - Pitching for Virginia Tech Hokies : RHP Russ Underwood
Batting: LHB Larry Battle 0-0: Swinging Strike
0-1: SINGLE (Groundball, 6MD)
Batting: RHB Jake Lawrence 0-0: Called Strike
0-1: Foul Ball, location: 2F
0-2: Ball
1-2: Ball
2-2: Ball
3-2: DOUBLE (Line Drive, 3D)
Larry Battle to third
Runner from 3rd tries for Home, SAFE, no throw
Batting: RHB Arnold Flint 0-0: Called Strike
0-1: Called Strike
0-2: Strikes out swinging
Batting: RHB Juan Navarro 0-0: Ball
1-0: Ball
2-0: Ball
3-0: Base on Balls
Pinch Hitting: RHB Jesús Ortíz 0-0: Ball
1-0: 3-RUN HOME RUN (Flyball, 78XD), Distance : 387 ft
Pitching: LHP Jeremy Spencer
Batting: RHB Dean Oglethorpe 0-0: Swinging Strike
0-1: Ball
1-1: Called Strike
1-2: Strikes out swinging
Batting: RHB Maurice Long 0-0: Called Strike
0-1: Swinging Strike
0-2: Ball
1-2: Strikes out swinging
Bottom of the 8th over - 4 run(s), 3 hit(s), 0 error(s), 0 left on base; Virginia Tech 6 - Arizona 8
TOP OF THE 9TH
Virginia Tech Hokies batting - Pitching for Arizona Wildcats : RHP Ray Campbell
Pitching: LHP Aaron Blankenship
Now at 2B: Brian Brown
Batting: RHB Francisco Medina 0-0: Called Strike
0-1: Ground out 5-3 (Groundball, 5)
Batting: RHB Clay Smith 0-0: Ball
1-0: Swinging Strike
1-1: Swinging Strike
1-2: Ball
2-2: Strikes out looking
Batting: LHB Juan Carlos Manuel 0-0: SOLO HOME RUN (Flyball, 9LD), Distance : 336 ft
Batting: RHB Matt Jenkins 0-0: Called Strike
0-1: Called Strike
0-2: Foul Ball, location: 2F
0-2: Strikes out swinging
Top of the 9th over - 1 run(s), 1 hit(s), 0 error(s), 0 left on base; Virginia Tech 7 - Arizona 8
Thursday, March 30th, 2017 - OOTP Baseball 17.12 Build 75